 Dungeon Crawl Stone Soup version 0.23.2-1-ga50397a (webtiles) character file.

Game seed: 7500760167946320659

165 poirepourri the Changer (level 5, -5/34 HPs)
             Began as an Octopode Transmuter on May 5, 2019.
             Splashed by Ijyb's acid (16 damage)
             ... on level 3 of the Dungeon.
             The game lasted 00:04:03 (3972 turns).

poirepourri the Changer (Octopode Transmuter)       Turns: 3972, Time: 00:04:04

Health: -5/34      AC:  1    Str:  9    XL:     5   Next: 46%
Magic:  8/8        EV: 13    Int: 16    God:
Gold:   121        SH:  0    Dex: 13    Spells: 2/8 levels left

rFire    . . .     SeeInvis .     - Unarmed
rCold    . . .     Gourm    .   (no shield)
rNeg     . . .     Faith    .   (helmet restricted)
rPois    .         Spirit   .   (no amulet)
rElec    .         Reflect  .   (no ring)
rCorr    .         Harm     .   (no ring)
MR       .....                  (no ring)
Stlth    ++........             (no ring)
HPRegen  0.11/turn              (no ring)
MPRegen  0.11/turn              (no ring)
                                (no ring)
                                (no ring)

@: no status effects
A: almost no armour, stealthy swim, amphibious, 8 rings, constrict 8, camouflage
1, gelatinous body 1
a: no special abilities


You were on level 3 of the Dungeon.
You were not hungry.

You visited 1 branch of the dungeon, and saw 3 of its levels.

You collected 121 gold pieces.

Inventory:

Hand Weapons
 m - a cursed -2 short sword
 n - a +3 quarterstaff of chaos
Missiles
 a - 40 arrows
Jewellery
 f - a +5 ring of protection {unknown}
 k - an uncursed amulet of regeneration {unknown}
Wands
 h - a wand of flame (12)
 i - a wand of polymorph (14)
Scrolls
 l - a scroll of magic mapping
 o - a scroll of teleportation
Potions
 b - 2 potions of heal wounds {unknown}
 e - 2 potions of haste {unknown}
 g - a potion of brilliance
 j - a potion of flight
Comestibles
 c - 4 rations


   Skills:
 + Level 2.0 Fighting
 - Level 2.0 Dodging
 - Level 3.0 Unarmed Combat
 - Level 2.0 Spellcasting
 - Level 5.1 Transmutations


You had 2 spell levels left.
You knew the following spells:

 Your Spells              Type           Power        Failure   Level  Hunger
a - Beastly Appendage     Tmut           ###...       2%          1    #......
b - Sticks to Snakes      Tmut           ###.....     3%          2    ###....
c - Spider Form           Tmut/Pois      #.........   22%         3    ###....

Your spell library contained the following spells:

 Spells                   Type           Power        Failure   Level  Hunger
 Ice Form                 Ice/Tmut       #.......     56%         4    #####..
 Blade Hands              Tmut           ###.......   56%         5    ######.


Dungeon Overview and Level Annotations

Branches:
Dungeon (3/15)

Altars:
Trog

Annotations:
D:3 Ijyb


Innate Abilities, Weirdness & Mutations

You cannot wear most types of armour.
You are very stealthy in the water. (Stealth+)
You are amphibious.
You can wear up to eight rings at the same time.
You can use your tentacles to constrict eight enemies at once.
Your skin changes colour to match your surroundings (Stealth+).
Your rubbery body absorbs attacks. (AC +1, EV +1)


Message History

Things that are here:
a +0 dagger; a goblin corpse
There is a bloodstained altar of Trog here.
Things that are here:
a +0 hunting sling; 13 stones; a goblin corpse You see here a stone.
You now have 121 gold pieces (gained 7).
You see here a +0 dagger.
Key pressed, stopping explore.
e - 2 green potions (gained 1)
b - 2 fizzy golden potions (gained 1)
You see here a +0 dagger.
You see here a stone.
You see here a stone.
There is a stone staircase leading up here.
Ijyb is too close now for your liking.
Ijyb zaps a wand.
The bolt of acid hits you!!
Ouch! That really hurt!
You are splashed with acid!
You die...

.......#....#.......##...........
............(.....####...........
...............................#.
...........................)...#.
....<............................
..........##.....................
..........##.....................
......#...##...................#.
###...#...##....@..............#.
#...#...##.........g.........#.
#...#################........#.
##### ########. ##


You could see Ijyb.

Vanquished Creatures
  Crazy Yiuf (D:2)
  Terence (D:2)
  5 adders
  A worm (D:2)
  3 dart slugs
  A ball python (D:2)
  3 giant cockroaches
  9 goblins
  8 hobgoblins
  4 jackals (D:1)
  A quokka (D:1)
  5 bats
  2 frilled lizards
  8 kobolds
  4 rats
56 creatures vanquished.

Notes
Turn   | Place    | Note
-------+----------+-------------------------------------------
     0 | D:1      | poirepourri the Octopode Transmuter began the quest for the
                  | Orb.
     0 | D:1      | Reached XP level 1. HP: 13/13 MP: 3/3
   285 | D:1      | Reached XP level 2. HP: 18/18 MP: 5/5
   368 | D:1      | Reached skill level 3 in Transmutations
   494 | D:1      | Learned a level 2 spell: Sticks to Snakes
  1094 | D:2      | Reached XP level 3. HP: 23/23 MP: 6/6
  1126 | D:2      | Found a runed translucent door.
  1127 | D:2      | Noticed Crazy Yiuf
  1183 | D:1      | Learned a level 3 spell: Spider Form
  1344 | D:2      | Noticed Terence
  1357 | D:2      | Killed Terence
  1357 | D:2      | Reached skill level 4 in Transmutations
  1357 | D:2      | Reached XP level 4. HP: 22/28 MP: 3/7
  2361 | D:2      | Killed Crazy Yiuf
  2361 | D:2      | Reached skill level 5 in Transmutations
  2361 | D:2      | Reached XP level 5. HP: 14/33 MP: 3/8
  3027 | D:3      | Found a bloodstained altar of Trog.
  3335 | D:3      | Noticed Ijyb
  3972 | D:3      | Splashed by Ijyb's acid

Skill      XL: |  1  2  3  4  5 |
---------------+----------------+-----
Transmutations | 3 4 5 |  5.1
Fighting       | 2 |  2.0
Dodging        | |  2.0
Unarmed Combat | |  3.0
Spellcasting   | |  2.0

Action                   |  1- 3 |  4- 6 || total
-------------------------+-------+-------++-------
Melee: Unarmed           |    62 |    67 ||   129
       Constrict         |    17 |    16 ||    33
       Tentacles         |     7 |    12 ||    19
       Kick              |     5 |     3 ||     8
       Punch             |     1 |     1 ||     2
 Cast: Beastly Appendage |     8 |     3 ||    11
       Sticks to Snakes  |     1 |     2 ||     3
       Spider Form       |     1 |     3 ||     4
Evoke: Wand              |       |     1 ||     1
  Use: Scroll            |     5 |     2 ||     7
       Potion            |       |     2 ||     2
 Stab: Sleeping          |     4 |     4 ||     8
  Eat: Ration            |     1 |     2 ||     3
Armor: Skin              |     6 |     5 ||    11
Dodge: Dodged            |    35 |    39 ||    74
